[Event "Rapid Shavuot-A 2023"]
[Site "Ramat Gan"]
[Date "2023.05.25"]
[Round "3.18"]
[White "Hertz, Yaniv"]
[Black "Noy, Eyal"]
[Result "0-1"]
[ECO "B01"]
[WhiteElo "1877"]
[BlackElo "2141"]
[Annotator "NA RC"]
[PlyCount "98"]
[EventDate "2023.05.19"]
[EventType "swiss"]
[EventCountry "ISR"]
[SourceTitle "playchess.com"]
[Source "ChessBase"]
[SourceQuality "1"]
[TimeControl "900+5"]

1. e4 d5 2. exd5 Qxd5 3. Nc3 Qd6 4. d4 Nf6 5. g3 Bg4 6. Qd3 Nc6 7. Be3 O-O-O 8. f3 Bh5 9. O-O-O Bg6 10. Qc4 e6 11. Bf4 Qd7 12. h4 Nd5 13. Nxd5 exd5 14. Qb5 a6 15. Qa4 h5 16. Ne2 Kb8 17. Nc3 Be7 18. Bh3 Bf5 19. Bxf5 Qxf5 20. Rhe1 Rhe8 21. Kb1 Bxh4 22. Bxc7+ Kxc7 23. gxh4 Rxe1 24. Rxe1 Qxf3 25. a3 Qf2 26. Re2 Qg1+ 27. Ka2 Qxd4 28. Re7+ Rd7 29. Qxd4 Nxd4 30. Nxd5+ Kd6 31. Rxd7+ Kxd7 32. Nf4 g6 33. c3 Nf3 34. Ng2 f6 35. Kb3 g5 36. Kc4 Nxh4 37. Ne3 Nf3 38. Kd5 h4 39. Ng4 Ke7 40. Ke4 Nd2+ 41. Kf5 h3 42. Nh2 Nc4 43. Kg4 Nxb2 44. Kxh3 Na4 45. c4 Nb6 46. c5 Nd7 47. Kg4 Ke6 48. Nf3 Ne5+ 49. Nxe5 Kxe5 0-1

[Event "Rapid Shavuot-A 2023"]
[Site "Ramat Gan"]
[Date "2023.05.25"]
[Round "4.1"]
[White "Mesropov, Konstantin"]
[Black "Aizenberg, Benny"]
[Result "0-1"]
[ECO "A88"]
[WhiteElo "2437"]
[BlackElo "2403"]
[Annotator "TA"]
[PlyCount "64"]
[EventDate "2023.05.19"]
[EventType "swiss"]
[EventCountry "ISR"]
[SourceTitle "playchess.com"]
[Source "ChessBase"]
[SourceQuality "1"]
[TimeControl "900+5"]

1. d4 f5 2. g3 Nf6 3. Bg2 g6 4. c4 Bg7 5. Nc3 O-O 6. Nf3 d6 7. O-O c6 8. b3 Qc7 {[%emt 0:00:12] 8...Qa5 is setting a new trend.} 9. Qc2 e5 10. dxe5 {[%emt 0:00:02] A88: Dutch Defence: Leningrad System: 5 Nf3 0-0 6 0-0 d6 7 Nc3 c6.} dxe5 11. Ba3 Re8 12. Rad1 {[%emt 0:01:29] Threatening Bd6. White is slightly better.} e4 13. Bd6 Qa5 {[%emt 0:00:41] [#]} 14. Ne5 $146 ({Predecessor:} 14. b4 Qa6 15. b5 Qa5 16. Nd4 Bd7 17. Nb3 Qd8 18. a4 Be6 19. Nc5 Qc8 20. f3 exf3 21. exf3 Bxc4 {0-1 Schunk,T (2162)-Leow,L (2419) WchT Seniors 50 2018 (5.6)}) 14... Nbd7 (14... Rxe5 $2 15. b4 Qd8 16. Bxe5 $18) ({Better is} 14... Na6 $17 15. a3 Re6) 15. b4 Qd8 (15... Qa6 {looks sharper.} 16. b5 Qa5 17. Nxd7 Nxd7 18. bxc6 bxc6 19. Na4 Ne5) 16. Nxd7 Qxd7 17. f3 exf3 18. exf3 Qf7 19. c5 Be6 20. b5 cxb5 (20... Bc4 $15 21. bxc6 bxc6) 21. Nxb5 $11 Bc4 22. Nc7 {[%emt 0:00:07] Threatens to win with Rfe1.} Re2 {[%emt 0:00:12] Inhibits Rfe1.} 23. Qxe2 {[%emt 0:01:51][%mdl 8192] Now White is beyond hope.} (23. Qb1 $11 {and White is okay.} Rd8 24. Qxb7) 23... Bxe2 $19 24. Nxa8 Nd5 25. f4 Bxd1 26. Rxd1 Ne3 {[%emt 0:00:01][%csl LRa2,LRd1][%mdl 64] Discovered Attack} 27. Nc7 Nxg2 ({Weaker is} 27... Nxd1 28. Bd5 $17) 28. Kxg2 Qxa2+ 29. Kh3 Qe2 30. Rb1 {[%emt 0:00:12] [#]} g5 $1 31. fxg5 Qg4+ 32. Kg2 Qe4+ {[%emt 0:00:01] Weighted Error Value: White=1.10/Black=0.08 (flawless)} 0-1

[Event "Rapid Shavuot-A 2023"]
[Site "Ramat Gan"]
[Date "2023.05.25"]
[Round "4.2"]
[White "Zemach, Roee"]
[Black "Zanan, Evgeny"]
[Result "1/2-1/2"]
[ECO "C07"]
[WhiteElo "2261"]
[BlackElo "2485"]
[Annotator "TA"]
[PlyCount "64"]
[EventDate "2023.05.19"]
[EventType "swiss"]
[EventCountry "ISR"]
[SourceTitle "playchess.com"]
[Source "ChessBase"]
[SourceQuality "1"]
[TimeControl "900+5"]

1. e4 e6 2. d4 d5 3. Nd2 c5 4. Ngf3 cxd4 5. exd5 Qxd5 6. Bc4 Qd6 7. O-O Nf6 8. Nb3 Nc6 9. Nbxd4 Nxd4 10. Nxd4 Be7 11. c3 O-O 12. Qf3 Qc7 13. Bb3 {[%emt 0:00:10] C07: French Tarrasch: 3...c5, 4 Ngf3 and 4 exd5 Qxd5.} a5 14. a4 Bd7 15. h3 {[%emt 0:00:52] [#]} Rac8 $146 ({Predecessor:} 15... Bc6 16. Nxc6 Qxc6 17. Qe2 Rfd8 18. Bc2 Rd5 19. Bf4 Bd6 20. Bxd6 Rxd6 21. Rfd1 Rad8 22. Rxd6 Rxd6 23. Rd1 b6 24. Qe5 Rxd1+ 25. Bxd1 Nd7 26. Qd4 e5 27. Qh4 Nf6 {½-½ Zelcic,R (2540)-Martinovic,S (2542) CRO-ch Rijeka 2021 (3)}) 16. Re1 Qb6 17. Bc2 Rfe8 18. Re2 Bc5 19. Nb3 Bc6 20. Qg3 Ne4 {[%emt 0:00:37][%mdl 64] [#] Deflection} 21. Qh4 Be7 22. Qh5 {[%emt 0:00:05] Some like it hot} f5 {[%emt 0:00:07] Strongly threatening ...Ng3.} 23. Be3 Qc7 24. Nd4 {[%emt 0:00:34] [#] Bb3 is the strong threat.} g6 25. Qh6 Bf8 26. Qh4 Bd5 (26... Be7 $5 27. Qh6 Bf8 $11) 27. Rd1 Qf7 (27... Be7 $11 {remains equal.} 28. Qh6 Bf8) 28. Nf3 (28. f3 $5 Nc5 29. Qg3 $14) 28... Be7 29. Qh6 Bf8 30. Qh4 Be7 $1 31. Qh6 Bf8 32. Qh4 Be7 $1 {[%emt 0:00:01] Weighted Error Value: White=0.16 (very precise) /Black=0.09 (flawless)} 1/2-1/2

[Event "Rapid Shavuot-A 2023"]
[Site "Ramat Gan"]
[Date "2023.05.25"]
[Round "4.3"]
[White "Veinberg, Nimrod"]
[Black "Zemach, Nadav"]
[Result "1-0"]
[ECO "D46"]
[WhiteElo "2410"]
[BlackElo "2383"]
[Annotator "TA"]
[PlyCount "119"]
[EventDate "2023.05.19"]
[EventType "swiss"]
[EventCountry "ISR"]
[SourceTitle "playchess.com"]
[Source "ChessBase"]
[SourceQuality "1"]
[TimeControl "900+5"]

1. d4 d5 2. c4 c6 3. Nf3 Nf6 4. e3 e6 5. Bd3 Nbd7 6. O-O Bd6 7. Nc3 dxc4 8. Bxc4 b5 {[%emt 0:00:02] D46: Semi-Slav: 5 e3 Nbd7 6 Bd3, Black avoids the Meran.} 9. Be2 {[%emt 0:00:33] 9.Bb3 is becoming the main line.} O-O 10. e4 {[%emt 0:00:25] Threatens to win with e5.} Be7 (10... e5 $1 $11) 11. a3 Bb7 {[%emt 0:00:16] [#]} 12. b4 $146 ({Better is} 12. e5 $1 $16 Nd5 13. Nxd5 exd5 14. Bd3) ({Predecessor:} 12. d5 exd5 13. exd5 Nxd5 14. Nxd5 cxd5 15. Bxb5 Nf6 16. Be3 Rc8 17. Nd4 Ne4 18. Rc1 Rxc1 19. Qxc1 {1-0 Trussevich,S (1812)-Majcen,Z (1829) Ljubljana-chT 71st 2018 (8.2)}) 12... a5 $14 13. Rb1 Nb6 14. Qb3 axb4 15. axb4 Na4 16. e5 (16. Bd3 $14) 16... Nxc3 $11 17. Qxc3 Nd5 18. Qe1 Ra4 19. Bd2 Ra3 20. Bd1 g6 21. Bc2 Qd7 22. h4 Rfa8 23. h5 Ra2 (23... Qd8 $1 $11) 24. Qd1 (24. Bb3 $5) 24... R2a3 25. Rb2 Qd8 ({But not} 25... gxh5 26. Ng5 f5 27. exf6 Nxf6 28. Bb3 $16) 26. Qb1 $2 {[%emt 0:00:45] [#]} (26. Qc1 $11) 26... Qf8 $2 ({Inferior is} 26... gxh5 27. Bxh7+ Kh8 28. Be4 $11) (26... Rxf3 $1 $19 27. hxg6 (27. gxf3 $2 {too greedy.} Bg5 $19) 27... Rfa3 28. gxf7+ Kxf7 29. Bxh7 Ke8) 27. Re1 Nc3 28. Qc1 Ne2+ $2 {[%emt 0:00:10][%mdl 8192] White stays focused until the end.} 29. Rxe2 $18 Ra1 30. Rb1 R1a2 31. Bc3 R8a3 32. Bd3 c5 33. bxc5 Qa8 34. Rxa2 Rxa2 35. Ne1 Bh4 36. Bb2 b4 37. Ra1 b3 38. Bc4 Rxa1 39. Qxa1 Qd8 40. Bxb3 Qg5 41. Qc1 Qf5 42. g3 Bxg3 43. fxg3 Qe4 {[%emt 0:00:05] [#]} 44. d5 $1 exd5 (44... Bc8 45. dxe6) 45. c6 Bc8 46. Bc2 Qe2 47. Bd3 Qxh5 48. c7 (48. e6 $142 fxe6 49. Qf4 e5 50. Qf6 Qh6 51. Qxe5 Kf7 52. Nf3 Bg4 53. c7) 48... Qh3 49. Qf4 (49. Qg5 $142 Qe6 50. Qd8+ Kg7 51. Ba3 h6 52. Be7 Qxe7 53. Qxe7 Bh3 54. Qf6+ Kg8 55. Bxg6 {[%mdl 64] Promotion}) 49... d4 50. Qf3 (50. e6 $142 Qxe6 51. Nc2 Kg7 52. Qxd4+ f6 53. Qd8 Kh6 54. Bxf6 Qg4 55. Be5) 50... Qd7 51. Qf6 Qh3 52. Qd8+ Kg7 53. Qf6+ Kg8 54. Qf3 {[%emt 0:00:03] Dodges Bb7} (54. Bc4 $142 Qd7 55. Bc1 d3 56. Bh6 Qd4+ 57. Kh2 Qb2+ 58. Ng2 Qxg2+ 59. Kxg2 Bh3+ 60. Kxh3 g5 61. c8=Q#) 54... Qd7 {[%emt 0:00:02] [#]} 55. e6 $1 fxe6 (55... Qxe6 56. Ng2) 56. Qf6 {[%emt 0:00:02] White mates.} Qxc7 57. Bxd4 Qxg3+ 58. Ng2 Qc7 59. Qh8+ Kf7 60. Qxh7+ {[%emt 0:00:04] Artfully played by Veinberg.   Weighted Error Value: White=0.35/Black=0.54} 1-0

[Event "Rapid Shavuot-A 2023"]
[Site "Ramat Gan"]
[Date "2023.05.25"]
[Round "4.4"]
[White "Bronstein, Or"]
[Black "Poleg, Dan"]
[Result "1/2-1/2"]
[ECO "A13"]
[WhiteElo "2463"]
[BlackElo "2193"]
[Annotator "TA"]
[PlyCount "108"]
[EventDate "2023.05.19"]
[EventType "swiss"]
[EventCountry "ISR"]
[SourceTitle "playchess.com"]
[Source "ChessBase"]
[SourceQuality "1"]
[TimeControl "900+5"]

1. c4 e6 2. Nc3 Bb4 3. e4 c5 4. a3 Bxc3 5. dxc3 {[%emt 0:00:07] [#]} d6 $146 ({Predecessor:} 5... Nc6 6. Qg4 Qf6 7. h4 Qg6 8. Qe2 a5 9. a4 f6 10. Nh3 Nge7 11. Nf4 Qf7 {0-1 Djuric,S (2517)-Vojinovic,G (2443) YUG Cup Herceg Novi 1999}) 6. Qg4 {[%emt 0:00:37] A13: English Opening: 1...e6.} Kf8 7. Bg5 {[%emt 0:00:32] White is more active.} Nf6 8. Qh4 {[%emt 0:00:18] White is slightly better.} h6 9. O-O-O e5 10. f4 {[%emt 0:02:19] fxe5 is the strong threat.} Nbd7 11. Rxd6 Qc7 (11... Qe7 $16 12. Rd1 exf4) 12. fxe5 (12. Rxf6 $6 gxf6 13. Bxf6 (13. Bxh6+ Ke8 $11) 13... Nxf6 14. Qxf6 Rg8 $14) (12. Rd1 $18) 12... Nxe5 $16 13. Rxf6 (13. Bxf6 Qxd6 14. Bxe5 Qxe5 $17) 13... gxf6 14. Bxf6 Ng6 (14... Ng4 $142 15. e5 (15. Bxh8 $2 Qf4+ 16. Kc2 Ne3+ {[%mdl 64] Discovered Attack, Double Attack} 17. Kd3 Qxh4 $19) 15... Nxf6 16. Qxf6 Rg8) 15. Qf2 $1 {[%emt 0:00:07] And now e5 would win.} Rg8 16. g3 {[%emt 0:01:03] Black must now prevent Be2.} Bd7 (16... Qd6 $16) 17. Nf3 Re8 (17... Bg4 {was called for.} 18. Bg2 Re8) 18. e5 (18. Qe3 $142 Re6 19. e5) 18... Bg4 $2 (18... Nxe5 19. Nxe5 (19. Bxe5 Rxe5 20. Nxe5 {[%mdl 64] Discovered Attack} Qxe5 $16) 19... Rxe5 20. Bxe5 Qxe5) 19. Qe3 Re6 20. Qxh6+ $2 (20. Bh3 $1 $18 Bxf3 21. Re1 Rxe5 22. Qxh6+ (22. Bxe5 Qxe5 23. Qxe5 Nxe5 $16) 22... Ke8 23. Bxe5) 20... Ke8 $14 21. Bg2 (21. Qh7 Rf8 22. Bh3 Bxf3 $16) (21. Ng5 $1 $16 Qc6 22. Qh7) 21... Bxf3 $11 {[%emt 0:01:11][%mdl 64] Remove Defender} 22. Bxf3 Nxe5 23. Bd1 {[%emt 0:00:12] Threatens to win with Ba4+. This pair of bishops is nice.} Nd7 ({Black should play} 23... Nd3+ $11 24. Kb1 Nxb2) 24. Ba4 $14 {[%emt 0:00:11] aiming for Rd1.} a6 25. Qh7 Kf8 26. Qh6+ (26. Bh4 $1 $16) 26... Ke8 $11 27. Rd1 b5 $1 28. cxb5 Rxf6 (28... Qa5 $11 29. Bb3 Rxf6) 29. b6 ({Don't play} 29. Qxf6 Nxf6 30. b6+ (30. bxa6+ $2 {loses.} Ke7 $19) 30... Qd7 $15) (29. Rxd7 $1 $14 {might be stronger.} Rxh6 30. Rxc7) 29... Qxb6 (29... Rxh6 $2 30. bxc7 Ke7 31. Rxd7+ Kf6 32. Rd8 $18) 30. Bxd7+ Ke7 31. Qe3+ Kf8 $1 32. g4 ({White should try} 32. c4 $1 $16) 32... Qc7 {[%emt 0:00:24] [#] Black is weak on the light squares} (32... c4 $1 $11 {keeps the balance.} 33. Qxb6 (33. Qe4 Rf2 $17) 33... Rxb6) 33. g5 $2 {[%emt 0:00:04] Chess con chili.} (33. Bf5 $1 $16 {keeps the pressure on.}) 33... Qf4 $17 34. Qxf4 Rxf4 $15 {[%emt 0:00:01][%mdl 4096] Endgame KRR-KRB} 35. Rd5 c4 36. Kd2 ({Better is} 36. Bc8 $15) 36... Rf2+ $17 37. Ke3 Rxh2 38. Bc8 {[%emt 0:00:11] [#]} Rxb2 (38... Rg6 $1 $17 39. Ra5 Rd6 40. Bxa6 Rd3+ 41. Ke4 Re2+ 42. Kf4 Rxb2 43. Bxc4 Rxc3) 39. Bxa6 Rb3 40. Kd4 {[%emt 0:00:01] The position is equal.} Rxa3 41. Bxc4 Ra7 42. Rf5 Rg6 43. Bd5 Rg7 44. c4 Ke7 45. Kc5 Ra1 46. Re5+ Kd7 47. Bc6+ Kc7 48. Bb5 Rg1 49. Re7+ Kd8 50. Re8+ Kc7 51. Re7+ Kd8 52. Re8+ Kc7 53. Re7+ Kd8 54. Re8+ Kc7 {[%emt 0:01:47] Blacks defense is rewarded with a draw.   Weighted Error Value: White=0.28 (precise) /Black=0.26 (precise)} 1/2-1/2

[Event "Rapid Shavuot-A 2023"]
[Site "Ramat Gan"]
[Date "2023.05.25"]
[Round "4.5"]
[White "Sherman, Reem"]
[Black "Levin, Guy"]
[Result "1/2-1/2"]
[ECO "B13"]
[WhiteElo "2306"]
[BlackElo "2424"]
[Annotator "TA"]
[PlyCount "105"]
[EventDate "2023.05.19"]
[EventType "swiss"]
[EventCountry "ISR"]
[SourceTitle "playchess.com"]
[Source "ChessBase"]
[SourceQuality "1"]
[TimeControl "900+5"]

1. e4 c6 2. d4 d5 3. exd5 cxd5 4. Nc3 Nc6 5. Bf4 Bf5 6. Nf3 {[%emt 0:00:06] B13: Caro-Kann: Exchange Variation and Panov-Botvinnik Attack.} e6 7. Bd3 {[%emt 0:00:18] [#]} g6 $146 ({Predecessor:} 7... Bg4 8. Be2 Nf6 9. O-O Bd6 10. Bxd6 Qxd6 11. Nb5 Qe7 12. c3 Bxf3 13. Bxf3 O-O {0-1 Beukema,J (2368)-Zwirs,N (2479) BEL-chT 2223 2022 (9.2)}) 8. Bxf5 {[%emt 0:00:18] White has an edge.} gxf5 9. Ne5 Nf6 10. Nxc6 bxc6 11. Qe2 Rg8 12. f3 (12. g3 $11) 12... Nh5 $15 13. Be3 Bd6 (13... Rb8 $15 14. O-O-O Bb4) 14. O-O-O $11 Nf4 15. Qa6 (15. Bxf4 $11 {remains equal.} Bxf4+ 16. Kb1) 15... Qb6 (15... Nxg2 {keeps more tension.} 16. Qxc6+ Ke7 17. Bd2 Qb6) 16. Qxb6 axb6 17. g3 Nh5 18. Bd2 b5 19. Kb1 Kd7 20. Rhf1 Rg6 21. Ne2 Nf6 22. Bf4 Be7 23. Nc1 Nh5 24. Bd2 Rag8 25. Nd3 Bd6 26. Rde1 f6 27. Bb4 Bxb4 28. Nxb4 Kd6 (28... Ng7 $11) 29. Nd3 (29. f4 $14) 29... Re8 30. f4 Ng7 31. Re3 {[%emt 0:00:05] Black is weak on the dark squares} h5 32. Rfe1 Rh6 (32... h4 $11) 33. Nc5 h4 34. b4 hxg3 (34... Rhh8 $14) 35. hxg3 $16 ({But not} 35. Rxg3 $6 Re7 $11) 35... Re7 36. Kb2 {[%emt 0:00:11] White is more active.} Rh8 37. Ra3 Rb8 {[%emt 0:00:39] [#]} (37... e5 $16) 38. Rh1 $1 $18 Rg8 (38... Rf8 $142 39. Ra6 Rb8) 39. Ra6 Ne8 $2 (39... Rb8 40. Rh7 Rf7) 40. Ra8 Kc7 41. Re1 {[%emt 0:00:56] Black must now prevent Ra7+.} Kd6 42. Re3 e5 43. fxe5+ fxe5 44. dxe5+ Rxe5 45. Nb7+ Ke6 46. Nd8+ Kf6 47. Rxe5 Kxe5 48. Nxc6+ {[%emt 0:00:01] KRN-KRN} Kf6 49. Nd4 (49. Rd8 $142) 49... Rg4 50. c3 ({Worse is} 50. Nxb5 Rxb4+ 51. Kc1 Rxb5 $14) 50... Nd6 51. Ra6 Ke5 52. Nf3+ Ke6 {[%emt 0:00:01] [#]} 53. Nd4+ $2 {[%emt 0:00:04] Weighted Error Value: White=0.26 (precise) /Black=0.33} (53. Kb3 $1 $18) 1/2-1/2

[Event "Rapid Shavuot-A 2023"]
[Site "Ramat Gan"]
[Date "2023.05.25"]
[Round "4.6"]
[White "Uritsky, Yonathan"]
[Black "Kochavi, Ori"]
[Result "1/2-1/2"]
[ECO "B11"]
[WhiteElo "2118"]
[BlackElo "2423"]
[Annotator "TA"]
[PlyCount "80"]
[EventDate "2023.05.19"]
[EventType "swiss"]
[EventCountry "ISR"]
[SourceTitle "playchess.com"]
[Source "ChessBase"]
[SourceQuality "1"]
[TimeControl "900+5"]

1. e4 c6 2. Nf3 d5 3. Nc3 dxe4 4. Nxe4 Nf6 5. Qe2 Nxe4 6. Qxe4 Nd7 {[%emt 0:00:01] B11: Caro-Kann: Two Knights Variation.} 7. Bc4 Nf6 {[%emt 0:00:01] [#]} 8. Ne5 $1 e6 {[%emt 0:00:01] White is slightly better.} 9. Qe2 b5 10. Nxc6 {[%emt 0:00:06] Recently 10.Bd3 got a lot of attention.} (10. Bb3 $11) 10... Qc7 $1 $15 11. Bd3 (11. Bxb5 a6 12. Ba4 Bd7 $19) 11... a6 $36 {[%emt 0:00:43][%mdl 3072] Black has compensation. Black is pushing.} (11... Qxc6 $2 12. Bxb5 $18) 12. Nd4 Bb7 13. Nf3 (13. O-O $1 $11 {remains equal.}) 13... Bd6 {[%emt 0:00:31] [#]} (13... Nd5 $17 {White must now prevent ...Nf4.} 14. Qd1 Nb4) 14. a4 $146 (14. c3 $11) ({Predecessor:} 14. O-O O-O 15. h3 e5 16. Ng5 e4 17. Nxe4 Nxe4 18. Bxe4 Rae8 19. d3 f5 20. f3 fxe4 21. dxe4 {0-1 Savchenko,B (2551)-Firouzja,A (2749) Levitov Christmas Online Final blitz 2020 (3.7)}) 14... b4 (14... Nd5 $17 {And now ...Nf4 would win.} 15. axb5 Nf4) 15. b3 Nd5 16. Bb2 Nf4 17. Qf1 O-O 18. O-O-O Rfc8 19. Bc4 Qa5 (19... Bd5 $15) 20. Re1 Bc6 21. Kb1 Rc7 22. h4 Qh5 (22... Bd5 $142) 23. Rg1 $1 $16 (23. Bxa6 Bd5 $16) 23... Rac8 (23... Ng6 $16 24. Nd4 (24. Bxa6 Bd5 $16) 24... Bf4) 24. g4 (24. Bxa6 $18 Bb7 25. Bxb7 Rxb7 26. Qa6) 24... Qa5 {[%emt 0:00:03] [#]} 25. Ne5 Bd5 26. d3 $2 (26. Bxa6 $16 {keeps the pressure on.} Rxc2 27. Bxc8 Rxc8 28. Qb5 (28. Rc1 Rxc1+ 29. Qxc1 Qa8 $11)) 26... f6 $17 27. Bxd5 exd5 28. Nf3 Rxc2 {[%emt 0:00:01] ...Qc7 would be deadly.} 29. g5 $2 (29. d4 $17 {was the crucial defense.}) 29... Qc7 $19 {[%emt 0:00:03][%cal Oc2b2] Hoping for ...Rxb2+!} 30. gxf6 {[%emt 0:01:25][%cal Rg1g7] [#]} Rxb2+ $1 31. Kxb2 Qc2+ (31... g6 32. Re3 Qc2+ 33. Ka1 Qxb3 34. Qb1 Qa3+ 35. Qa2 Rc1+ 36. Rxc1 Qxc1+ 37. Qb1 Qa3+ 38. Qa2 Qc1+ 39. Qb1 Qa3+ 40. Qa2 Qc1+ $11) 32. Ka1 {[%emt 0:00:01] Strongly threatening Rc1.} Qxb3 {[%emt 0:01:02][%cal Oc8c2] ( -> ...Rc2!)} ({Don't play} 32... Qxd3 33. Qxd3 Nxd3 34. Rxg7+ Kh8 35. Rd1 Nxf2 36. Rxd5 $18) (32... Nxd3 33. Qe2 Qc3+ 34. Ka2 Qc2+ 35. Ka1 (35. Qxc2 Rxc2+ 36. Kb1 Nxe1 $11) 35... Qc3+ 36. Ka2 Qc2+ 37. Ka1 $11 (37. Qxc2 Rxc2+ 38. Kb1 Nxe1 $11)) 33. Rxg7+ (33. Re2 $142 Qc3+ 34. Rb2 Nxd3 {[%mdl 64] Pin} 35. Qe2) 33... Kf8 $2 (33... Kh8 $19 {and Black stays clearly on top.} 34. Qg1 Qc3+ 35. Kb1 Qxd3+ 36. Ka1 Qc3+ 37. Kb1 Qd3+ 38. Ka1 Qc3+ 39. Kb1 Qb3+ 40. Ka1 Qc3+) 34. Ng5 $2 (34. Qg1 $17 Qc3+ 35. Kb1 Qxd3+ 36. Ka1 Qc3+ 37. Kb1) 34... Qa3+ 35. Kb1 Qb3+ 36. Ka1 Qxa4+ 37. Kb1 Qb3+ 38. Ka1 Qa4+ ({Resist} 38... Qxd3 39. Qxd3) 39. Kb1 Qb3+ 40. Ka1 Qa3+ $2 {[%emt 0:00:28] An interesting game.   Weighted Error Value: White=0.55/Black=0.63} ({Much less strong is} 40... Qxd3 41. Qxd3 {[%mdl 64] Remove Defender}) (40... Rc1+ {mates} 41. Rxc1 Be5+ 42. d4 Bxd4+ 43. Rc3 Bxc3#) 1/2-1/2

[Event "Rapid Shavuot-A 2023"]
[Site "Ramat Gan"]
[Date "2023.05.25"]
[Round "4.7"]
[White "Iliaguev, Nisim"]
[Black "Andreev, Dmitri"]
[Result "1-0"]
[ECO "A14"]
[WhiteElo "2402"]
[BlackElo "2166"]
[Annotator "TA"]
[PlyCount "107"]
[EventDate "2023.05.19"]
[EventType "swiss"]
[EventCountry "ISR"]
[SourceTitle "playchess.com"]
[Source "ChessBase"]
[SourceQuality "1"]
[TimeControl "900+5"]

1. c4 Nf6 2. g3 e6 3. Bg2 d5 4. Nf3 Be7 5. O-O O-O 6. b3 c5 7. Bb2 Nc6 8. d3 b6 9. Nbd2 Bb7 10. cxd5 Nxd5 11. Nc4 Bf6 12. Qd2 Bxb2 13. Qxb2 Qe7 {[%emt 0:00:24] A14: English Opening: 1...e6 with b3 by White.} 14. Rac1 Rfd8 15. Rfd1 Rac8 {[%emt 0:00:41] The position is equal.} 16. d4 {[%emt 0:01:06] [#]} cxd4 $146 ({Predecessor:} 16... b5) 17. Nxd4 Nxd4 18. Rxd4 b5 19. Na5 (19. Rg4 Qf6 20. Qa3 (20. Qxf6 $2 Nxf6 21. Bxb7 Nxg4 $19) 20... Nc3 21. Bxb7 Nxe2+ 22. Kg2 Nxc1 $19) 19... b4 $2 (19... Rxc1+ $11 20. Qxc1 Ba8) 20. Nxb7 $16 Qxb7 21. Rcc4 a5 22. h3 (22. Rg4 $6 f5 23. Rxc8 Rxc8 $14) (22. Qd2 $142 {aiming for e4.} Re8 23. Rxc8 (23. Bxd5 exd5 24. Rxc8 Rxc8 $16) 23... Qxc8 24. Bxd5 exd5 25. Rxd5) 22... Qa6 ({Better is} 22... Rd7) 23. Qd2 (23. Rg4 Nc3 24. Bf3 e5 25. Rxc8 Qxc8 $17) 23... Re8 24. Bxd5 $40 {[%emt 0:01:08][%mdl 128] Black is in trouble.} exd5 25. Rxc8 Qxc8 {[%emt 0:00:20][%mdl 4096] Endgame KQR-KQR} 26. h4 h6 27. Rxd5 Qa8 (27... Qc3 $16 {was necessary.} 28. Qd1 Qb2) 28. e3 $18 Rc8 29. Qd3 Rc1+ (29... a4 $16 {might work better.} 30. bxa4 Qxa4) 30. Kh2 {[%emt 0:00:09] [#] Rd8+ would be deadly.} Rc8 {[%emt 0:00:06] Prevents Rd8+.} 31. Qf5 Qc6 (31... g6 $142 32. Qd3 h5) 32. Rxa5 g6 33. Qf4 Qc2 34. Ra7 (34. Qxb4 {is a self mate.} Qxf2+ 35. Kh3 Qf1+ 36. Kh2 Rc2+) 34... Rf8 35. Kg2 (35. Qxb4 $2 {loses.} Qxf2+ 36. Kh3 Qf1+ 37. Kh2 Rd8 $19) 35... Qc5 36. Rc7 Qa5 37. Rc4 Qxa2 38. Rxb4 ({But not} 38. Qxh6 Qxb3 39. Qf4 Qa4 40. Rxb4 Qc6+ 41. Qf3 Rc8 42. Qxc6 Rxc6 $18) 38... h5 $2 (38... Qa8+ {was worth a try.} 39. Qf3 Rb8 40. Qxa8 Rxa8) 39. Rb8 Qa3 40. Rxf8+ Kxf8 {[%emt 0:00:01] KQ-KQ} 41. Qb8+ Kg7 42. Qb7 {[%emt 0:00:02] [#] Strongly threatening b4.} Qb2 43. b4 Qe5 44. b5 {[%emt 0:00:18] Threatening mate with Qc6.} g5 45. hxg5 h4 46. gxh4 {[%emt 0:00:58] White mates.} Qf5 47. Qb8 Qd5+ 48. Kg3 Qh1 49. b6 Qg1+ 50. Kf3 Qd1+ 51. Kg2 Qd5+ 52. Kh2 Qd2 53. Qf4 Qb2 54. Qd4+ {[%emt 0:00:02] Weighted Error Value: White=0.27 (precise) /Black=0.61} 1-0